 Dungeon Crawl Stone Soup version 0.10.4 character file.

338 GenialerGandalf the Shield-Bearer (level 5, 0/46 HPs)
             Began as a Hill Orc Fighter on June 15, 2021.
             Slain by an ogre
             ... wielding a +0,+0 giant club
              (16 damage)
             ... on Level 3 of the Dungeon.
             The game lasted 00:13:40 (3212 turns).

GenialerGandalf the Shield-Bearer (HOFi)            Turns: 3212, Time: 00:13:40

HP   0/46        AC  8     Str 20      XL: 5   Next: 73%
MP  13/13        EV  6     Int  8      God:
Gold 174         SH 20     Dex 10      Spells:  0 memorised,  4 levels left

Res.Fire  : . . .   See Invis. : .   B - +0,+2 war axe (venom)
Res.Cold  : . . .   Warding    : . . u - +0 orc scale mail
Life Prot.: . . .   Conserve   : .   c - +0 orc shield
Res.Acid. : . . .   Res.Corr.  : .   p - +0 cap
Res.Poison: .       Clarity    : .   (no cloak)
Res.Elec. : .       Spirit.Shd : .   e - +0 pair of gloves
Sust.Abil.: . .     Stasis     : .   (no boots)
Res.Mut.  : .       Ctrl.Telep.: .   (no amulet)
Res.Rott. : .       Levitation : .   (no ring)
Saprovore : + . .   Ctrl.Flight: .   l - ring of magical power

@: slightly resistant to hostile enchantments, extremely unstealthy
A: saprovore 1
a: no special abilities


You were on level 3 of the Dungeon.
You were not hungry.

You visited 1 branch of the dungeon, and saw 3 of its levels.

You collected 154 gold pieces.

Inventory:

Hand weapons
 a - a +0,+0 orcish short sword
 B - a +0,+2 war axe of venom (weapon)
Armour
 b - a +0 orcish scale mail
 c - a +0 orcish shield (worn)
 e - a +0 pair of gloves (worn)
 g - a +0 ring mail
 p - a +0 cap (worn)
 u - a +0 orcish scale mail (worn)
Comestibles
 r - a meat ration
Scrolls
 d - a scroll of remove curse {unknown}
 f - a scroll of random uselessness {unknown}
 h - 2 scrolls of recharging
 k - 2 scrolls of curse armour {unknown}
 m - a scroll of curse weapon {unknown}
 o - 2 scrolls of detect curse {unknown}
 s - a scroll of enchant weapon I {unknown}
 v - a scroll of amnesia {unknown}
 A - a scroll of enchant weapon II {unknown}
 E - 3 scrolls of identify
Jewellery
 l - a ring of magical power (left hand)
 q - an uncursed ring of protection from fire {unknown}
Potions
 i - a potion of curing
 j - a potion of gain dexterity
 n - a potion of might {unknown}
 t - a potion of brilliance {unknown}


   Skills:
 + Level 4.0 Fighting
 + Level 2.4 Short Blades
 + Level 2.0 Axes
 + Level 4.2 Armour
 + Level 1.7 Dodging
 + Level 0.1 Stealth
 + Level 4.7 Shields
 + Level 0.2 Traps & Doors


You had 4 spell levels left.
You didn't know any spells.

Dungeon Overview and Level Annotations

Branches:
Dungeon (3/27)

Altars:
Fedhas
Vehumet


Innate Abilities, Weirdness & Mutations

You can tolerate rotten meat.


Message History

You kill the orc!
You now have 174 gold pieces (gained 16).
Items here: %%% )))) [[[
There is an open door here.
There is an open door here.
There is an open door here.
An ogre comes into view. It is wielding a giant club.
The ogre shouts!
Found a scroll of recharging.
You slash the ogre!
The ogre is heavily wounded.
The ogre hits you with a giant club!
Ouch! That really hurt!
You hit the ogre.
The ogre is severely wounded.
You block the ogre's attack.
You hit the ogre.
The ogre is poisoned.
The ogre is almost dead.
The ogre hits you with a giant club!
You die...

###################
#........##.......#
#......@..........'
###
#......O.#........#
...
#.....?..##.......#
#
#........##.......#
###'######.#####'##
###. ##..#..## .#
#.. #.#...#.# .#
#.# #...#...##.#
###'#####.#...#.#..
####


You could see an ogre.

Vanquished Creatures
  An orc wizard (D:3)
  2 adders
  4 gnolls (D:2)
  A worm (D:2)
  A giant gecko (D:3)
  An ooze (D:2)
  6 orcs (D:3)
  9 bats
  3 giant cockroaches
  12 goblins
  5 hobgoblins
  A quokka (D:2)
  A ball python (D:2)
  10 giant newts
  5 kobolds
  14 rats
76 creatures vanquished.

Notes
Turn   | Place    | Note
--------------------------------------------------------------
     0 | D:1      | GenialerGandalf, the Hill Orc Fighter, began the quest for the Orb.
     0 | D:1      | Reached XP level 1. HP: 19/19 MP: 0/0
   366 | D:1      | Reached XP level 2. HP: 23/26 MP: 1/1
  1168 | D:2      | Reached XP level 3. HP: 31/33 MP: 2/2
  1543 | D:2      | Reached skill level 4 in Shields
  1563 | D:2      | Reached skill level 1 in Dodging
  1581 | D:2      | Reached XP level 4. HP: 37/39 MP: 3/3
  1587 | D:2      | Reached skill level 1 in Axes
  1721 | D:2      | Found a radiant altar of Vehumet.
  2150 | D:2      | Reached XP level 5. HP: 44/46 MP: 4/4
  3125 | D:3      | Found a blossoming altar of Fedhas.
  3212 | D:3      | Slain by an ogre
